 Dungeon Crawl Stone Soup version 0.16-a0-119-gc74d62a (webtiles) character file.

1808 PolkaDot the Jinx (level 8, 0/52 HPs)
             Began as a Vampire Enchanter on Aug 12, 2014.
             Was a Follower of Ashenzari.
             Killed by divine providence
             ... invoked by an orc priest
              (13 damage)
             ... on Level 6 of the Dungeon.
             The game lasted 00:36:32 (8686 turns).

PolkaDot the Jinx (Vampire Enchanter)               Turns: 8686, Time: 00:36:32

HP   0/52        AC  4     Str  7      XL: 8   Next: 84%
MP   5/13        EV 12     Int 19      God: Ashenzari [*.....]
Gold 54          SH  0     Dex 14      Spells:  4 memorised,  3 levels left

rFire  . . .     SeeInvis +     k - +0 dagger (speed) (curse)
rCold  + + .     Clarity  .     b - +1 robe
rNeg   + + +     rCorr    .     (no shield)
rPois  +         rRot     +     (no helmet)
rElec  .         Spirit   .     (no cloak)
SustAb .         Warding  .     j - +0 pair of gloves (curse)
rMut   .         Stasis   .     (no boots)
Gourm  .                        (no amulet)
MR     .....                    (no ring)
                                (no ring)

@: bloodless, non-regenerating, not resistant to hostile enchantments, quite
stealthy
A: bottle blood, fangs 3, see invisible, unbreathing
a: Bat Form, Bottle Blood, Renounce Religion


You were on level 6 of the Dungeon.
You worshipped Ashenzari.
Ashenzari was aware of your devotion.
You were bloodless.

You visited 1 branch of the dungeon, and saw 6 of its levels.

You collected 185 gold pieces.
You spent 131 gold pieces at shops.

Inventory:

Hand weapons
 k - a cursed +0 dagger of speed (weapon)
Armour
 b - a +1 robe (worn)
 j - a cursed +0 pair of gloves (worn)
Scrolls
 a - a scroll of teleportation {unknown}
 d - 2 scrolls of curse jewellery
 g - 3 scrolls of curse weapon
 h - a scroll of fog {unknown}
 p - 2 scrolls of enchant armour {unknown}
 q - a scroll of magic mapping {unknown}
 r - 2 scrolls of recharging {unknown}
 w - a scroll of immolation
Jewellery
 t - a +2 ring of dexterity
 v - an uncursed ring of protection from magic
Potions
 e - a potion of resistance
 f - 2 potions of flight
 i - a potion of might {unknown}
 l - a potion of heal wounds {unknown}
 m - a potion of haste {unknown}
 n - 3 potions of restore abilities {unknown}
 o - 4 potions of curing
 s - a potion of degeneration {unknown}
 u - a potion of poison {unknown}
 x - a potion of invisibility {unknown}
Books
 c - a book of Maledictions

   Spells                             Type                      Level
   *Corona                            Hexes                        1
   *Sure Blade                        Hexes/Charms                 2
   *Ensorcelled Hibernation           Hexes/Ice                    2
   *Confuse                           Hexes                        3
   Dazzling Spray                     Conjuration/Hexes            3
   Enslavement                        Hexes                        4


   Skills:
 + Level 6.0 Short Blades
 - Level 2.1 Dodging
 + Level 9.8 Stealth
 - Level 2.0 Spellcasting
 * Level 11.8 Hexes
 - Level 2.1 Ice Magic


You had 3 spell levels left.
You knew the following spells:

 Your Spells              Type           Power        Failure   Level  Hunger
a - Corona                Hex            #####..      1%          1    #......
b - Sure Blade            Hex/Chrm       ###.......   2%          2    ##.....
c - Confuse               Hex            #####...     1%          3    ####...
d - Ensorcelled Hibernat  Hex/Ice        ####..       1%          2    ##.....


Dungeon Overview and Level Annotations

Branches:
Dungeon (6/15)
 Temple: D:4-7

Altars:
Ashenzari
Dithmenos
Kikubaaqudgha
Makhleb
Xom
Zin
The Shining One

Shops:
D:5 ?


Innate Abilities, Weirdness & Mutations

You do not heal naturally.
You can bottle blood from corpses.
You have razor-sharp teeth.
You have supernaturally acute eyesight.
You can survive without breathing.


Message History

You barely miss the orc. You bite the orc.
You draw the orc's blood!
You feel better.
You feel slightly less thirsty.
You kill the orc!
The orc priest invokes the aid of Beogh against you.
Something smites you!
* * * LOW HITPOINT WARNING * * *
You hit the hobgoblin but do no damage. You hit the hobgoblin.
Your bite misses the hobgoblin.
The hobgoblin is lightly wounded.
You hit the hobgoblin. Your bite misses the hobgoblin.
The hobgoblin is moderately wounded.
The hobgoblin barely misses you.
The orc priest calls down the wrath of Beogh upon you.
Something smites you!
* * * LOW HITPOINT WARNING * * *
You hit the hobgoblin but do no damage.
The hobgoblin is moderately wounded.
The orc priest calls down the wrath of Beogh upon you.
Something smites you!
You die...

#.
#..........#
###..#######
#..# #..# #..#
#..# #..#
#..########..#
#..o.og@....$#
#..########.##
#.# ..# ####


You could see 2 orc priests and a hobgoblin.

Vanquished Creatures
  Sigmund (D:5)
  Duvessa (D:5)
  3 centaurs (D:5)
  2 ogres
  A giant frog (D:6)
  2 scorpions
  2 vampire bats (D:3)
  Dowan (D:5)
  A goliath beetle (D:6)
  A giant frog zombie (D:5)
  A crimson imp (D:5)
  A jelly (D:6)
  5 orc priests
  2 hounds (D:4)
  2 iguanas (D:5)
  7 orc wizards
  3 worker ants
  A hound zombie (D:5)
  5 gnolls
  4 adders
  A shadow imp (D:4)
  4 worms
  3 giant mites
  A gnoll skeleton (D:4)
  10 giant geckos
  36 orcs
  2 ball pythons
  4 bat skeletons (D:3)
  3 bat zombies (D:3)
  9 giant cockroaches
  15 goblins
  19 hobgoblins
  5 jackals
  10 kobolds
  4 quokkas
  16 bats
  6 giant newts
  A kobold skeleton (D:4)
  13 rats
  2 rat skeletons (D:4)
210 creatures vanquished.

Notes
Turn   | Place    | Note
--------------------------------------------------------------
     0 | D:1      | PolkaDot, the Vampire Enchanter, began the quest for the Orb.
     0 | D:1      | Reached XP level 1. HP: 13/13 MP: 3/3
   351 | D:1      | Reached XP level 2. HP: 19/19 MP: 2/4
   393 | D:1      | Learned a level 2 spell: Ensorcelled Hibernation
   505 | D:1      | Reached skill level 1 in Ice Magic
   779 | D:1      | Reached XP level 3. HP: 24/24 MP: 6/6
   962 | D:1      | Learned a level 3 spell: Confuse
  1695 | D:2      | Reached skill level 5 in Hexes
  2030 | D:2      | Reached skill level 5 in Stealth
  2030 | D:2      | Reached XP level 4. HP: 23/30 MP: 1/7
  2660 | D:2      | Found a shattered altar of Ashenzari.
  2660 | D:2      | Found a shimmering altar of Xom.
  2668 | D:2      | Became a worshipper of Ashenzari the Shackled
  3059 | D:3      | Reached XP level 5. HP: 35/35 MP: 6/9
  3107 | D:3      | Reached skill level 6 in Hexes
  3920 | D:3      | Learned a level 2 spell: Sure Blade
  4109 | D:3      | Found an ancient bone altar of Kikubaaqudgha.
  4374 | D:3      | Reached skill level 7 in Hexes
  4374 | D:3      | Reached XP level 6. HP: 41/41 MP: 10/10
  5038 | D:4      | Found a shadowy altar of Dithmenos.
  5993 | D:4      | Reached skill level 8 in Hexes
  6020 | D:4      | Found a glowing golden altar of the Shining One.
  6134 | D:4      | Reached XP level 7. HP: 46/46 MP: 6/12
  6472 | D:5      | Entered Level 5 of the Dungeon
  6595 | D:5      | Found Zin's Purification Station.
  6600 | D:5      | Found a glowing silver altar of Zin.
  6603 | D:5      | Bought a potion of curing for 60 gold pieces
  6710 | D:5      | Reached skill level 9 in Hexes
  6989 | D:5      | Found a burning altar of Makhleb.
  7038 | D:5      | Noticed Dowan
  7040 | D:5      | Noticed Duvessa
  7049 | D:5      | Killed Dowan
  7076 | D:5      | Noticed Sigmund
  7080 | D:5      | Killed Sigmund
  7269 | D:5      | Killed Duvessa
  7269 | D:5      | Reached skill level 10 in Hexes
  7269 | D:5      | Reached XP level 8. HP: 52/52 MP: 10/13
  7299 | D:5      | Reached skill level 5 in Short Blades
  7315 | D:5      | Found Ghieqi's Magic Scroll Emporium.
  7652 | D:5      | Bought a scroll of identify for 26 gold pieces
  7652 | D:5      | Bought a scroll of immolation for 45 gold pieces
  7729 | D:5      | Reached skill level 11 in Hexes
  8686 | D:6      | Killed from afar by an orc priest

Action                   |  1- 3 |  4- 6 |  7- 9 || total
-------------------------+-------+-------+-------++-------
Melee: Dagger            |    87 |   244 |   157 ||   488
 Cast: Corona            |     8 |     8 |    10 ||    26
       Ensorcelled Hiber |    18 |    84 |    65 ||   167
       Confuse           |     1 |     5 |    13 ||    19
       Sure Blade        |       |     3 |     2 ||     5
 Abil: End Transformatio |       |       |     1 ||     1
       Bat Form          |       |       |     1 ||     1
Evoke: Wand              |       |     1 |       ||     1
  Use: Scroll            |       |     2 |     5 ||     7
 Stab: Sleeping          |    20 |    84 |    46 ||   150
       Confused          |     1 |     3 |     6 ||    10
